 Dungeon Crawl Stone Soup version 0.30-a0-702-gdf48620a09 (webtiles) character file.

Game seed: 5100384772937961686

128 Citaku the Covered (level 4, -1/60 HPs)
             Began as a Minotaur Fighter on Jan 21, 2023.
             Slain by a scorpion (6 damage)
             ... on level 3 of the Dungeon.
             The game lasted 00:03:09 (2478 turns).

Citaku the Covered (Minotaur Fighter)               Turns: 2478, Time: 00:03:09

Health: -1/60      AC: 22    Str: 22    XL:     4   Next: 86%
Magic:  3/3        EV:  2    Int:  5    God:
Gold:   138        SH:  4    Dex: 10    Spells: 3/3 levels left

rFire   . . .      SeeInvis .    a - +0 war axe
rCold   . . .      Faith    .    c - +0 buckler
rNeg    . . .      Spirit   .    (body armour currently unavailable)
rPois   +          Reflect  .    (helmet currently unavailable)
rElec   .          Harm     .    (cloak currently unavailable)
rCorr   .          Rampage  .    (gloves currently unavailable)
Will    .....      NoTele   +    (boots currently unavailable)
Stlth   +                        (no amulet)
HPRegen 0.30/turn                (no ring)
MPRegen 0.08/turn                (no ring)

@: mighty, tree-form
A: stationary, stasis, torment immunity, boosted hp, (horns 2), (retaliatory
headbutt)
a: no special abilities


You were on level 3 of the Dungeon.
You were a tree.
You visited 1 branch of the dungeon, and saw 4 of its levels.

You collected 138 gold pieces.

Inventory:

Hand Weapons
 a - a +0 war axe (weapon)
Armour
 c - a +0 buckler (worn)
 f - a +0 pair of gloves (melded)
 k - a +0 plate armour (melded)
Scrolls
 j - a scroll of enchant weapon {unknown}
 m - a scroll of torment {unknown}
Potions
 b - a potion of cancellation {unknown}
 e - a potion of degeneration {unknown}
 g - 2 potions of curing {unknown}
 h - 2 potions of lignification
 i - a potion of magic {unknown}
 l - 2 potions of resistance {unknown}


   Skills:
 + Level 4.2 Fighting
 * Level 4.0 Axes
 * Level 4.9 Armour
 + Level 4.3 Shields


You had 3 spell levels left.
You didn't know any spells.
Your spell library contained the following spells:

 Spells                   Type           Power      Damage    Failure   Level
 Ensorcelled Hibernation  Hex/Ice        0%         N/A       71%         2
 Passwall                 Tmut/Erth      0%         N/A       71%         2
 Swiftness                Air            0%         N/A       90%         3


Dungeon Overview and Level Annotations

Branches:
Dungeon (4/15)
 Temple: D:4-7

Altars:
Nemelex Xobeh

Shops:
D:3 :

Annotations:
D:3 3 runed translucent doors, Decipherer's ghost, amateur MiBe


Innate Abilities, Weirdness & Mutations

You are a tree.
Your roots penetrate the ground, keeping you stationary.
You cannot be teleported.
You are immune to unholy pain and torment.
Your maximum health is greatly increased.
Your equipment is partially melded.
((You have a pair of horns on your head.))
((You reflexively headbutt those who attack you in melee.))


Message History

You climb upwards.
Level annotation: 3 runed translucent doors, Decipherer's ghost, amateur MiBe You feel very sick.
There is a stone staircase leading down here.
You barely miss the scorpion. You hit the gnoll.
You feel sick. You block the scorpion's attack.
The gnoll hits you but does no damage.
You hit the scorpion.
The scorpion is lightly wounded.
You barely miss the gnoll.
You feel sick.
The scorpion stings you but does no damage.
The gnoll hits you with a +0 whip. You block the scorpion's attack.
The gnoll hits you with a +0 whip.
* * * LOW HITPOINT WARNING * * *
You hit the scorpion.
You headbutt the scorpion, but do no damage.
The scorpion is moderately wounded.
You closely miss the gnoll.
You feel sick.
The scorpion stings you but does no damage.
The gnoll closely misses you. You furiously retaliate!
You headbutt the gnoll. The scorpion stings you.
* * * LOW HITPOINT WARNING * * *
It was a potion of lignification.
You turn into a tree.
Your +0 pair of gloves melds into your body.
Your +0 plate armour melds into your body.
Your roots penetrate the ground.
You feel sick. The gnoll hits you but does no damage.
You block the scorpion's attack.
You feel very mighty all of a sudden.
You feel sick.
The scorpion stings you but does no damage.
The gnoll hits you but does no damage.
You completely miss the gnoll.
The gnoll is heavily wounded.
You hit the scorpion.
You feel sick.
You are no longer poisoned.
The scorpion completely misses you. The gnoll hits you but does no damage.
The scorpion stings you but does no damage.
You slash the gnoll!
You kill the gnoll!
You barely miss the scorpion. The scorpion stings you.
You die...

##################
#....<...........#
#####################.#
#..........# #.# #.########.# #.#
#######.# #.# #†#
####.....#.########.# #######.#
≈~♣..~.........s♣[#.####.......#
...≈~~~≈~#.#.###)##............#
##≈~.~~~≈#.#.#.......###..##...#
~≈~≈.~..~#'#.#.............#...#
≈~~.~~♣......#.....#.###...#...#
.~~~.≈~.~....#.....#...#...###.#
##≈.♣~≈~.....#.....###.##.####.##
~~.~.~~..#.#.#.....###.##........
.~.~≈~##.#.#.#.#.............#.#.


You could see a scorpion.

Vanquished Creatures
  5 gnolls (D:3)
  3 adders
  2 worms (D:2)
  6 ball pythons
  3 bats
  5 endoplasms
  6 goblins
  3 hobgoblins
  7 jackals
  6 kobolds
  2 quokkas (D:1)
  3 frilled lizards
  A rat (D:2)
  A spectral hobgoblin (D:1)
53 creatures vanquished.

Notes
Turn   | Place    | Note
-------+----------+-------------------------------------------
     0 | D:1      | Citaku the Minotaur Fighter began the quest for the Orb.
     0 | D:1      | Reached XP level 1. HP: 19/19 MP: 0/0
    19 | D:1      | Found a faded altar of an unknown god.
    49 | D:1      | Reached XP level 2. HP: 26/27 MP: 1/1
   742 | D:2      | Reached XP level 3. HP: 33/33 MP: 2/2
  1138 | D:2      | Reached XP level 4. HP: 34/40 MP: 3/3
  1727 | D:3      | Found a faded altar of an unknown god.
  1728 | D:3      | Found Cuahil's Book Boutique.
  1941 | D:3      | Found a runed translucent gate.
  1941 | D:3      | Noticed Decipherer's ghost (amateur MiBe)
  1942 | D:3      | Found a runed translucent gate.
  1942 | D:3      | Identified the +9 dagger "Kizip" {pain, rF+ rN+}
  1943 | D:3      | Found a runed translucent gate.
  2145 | D:3      | Found a sparkling altar of Nemelex Xobeh.
  2465 | D:4      | Noticed a scorpion
  2478 | D:3      | Slain by a scorpion

Illustrated notes

Levels and vault maps discovered:
D:1:      spicycebolla_green_bress_n_ham_2, layout_basic,
          dreamdust_ecumenical_altar_drowned_temple, st_stairs_14
D:2:      layout_loops_cross
D:3:      layout_basic, nemelex_spade_bored_becter,
          nicolae_overflow_ecumenical_swirl, serial_shops, shop,
          biasface_ghost_orc_armoury, chequers_serial_rivers_marsh,
          chequers_arboretum
D:4:      layout_cave_pods, chequers_temple_overflow_statue_of_worship,
          minivault_14, chequers_mini_garden

Skill      XL: |  1  2  3  4 |
---------------+-------------+-----
Armour         | 4 |  4.9
Axes           | 3 4 |  4.0
Shields        | 4 |  4.3
Fighting       | 4 |  4.2

Action                   |  1- 3 |  4- 6 || total
-------------------------+-------+-------++-------
Melee: War axe           |    73 |    37 ||   110
       Headbutt          |     8 |     6 ||    14
  Use: Potion            |       |     2 ||     2
Armor: Scale mail        |    40 |    10 ||    50
       Plate armour      |       |    16 ||    16
       Skin              |       |     5 ||     5
Dodge: Dodged            |    31 |    13 ||    44
Block: Buckler           |    20 |    11 ||    31

Table legend: (Time is in decaauts)
 A = Elapsed time spent in this place.
 B = Non-inter-level travel time spent in this place.
 C = Inter-level travel time spent in this place.
 D = Time resting spent in this place.
 E = Time spent auto-exploring this place.
 F = Levels seen in this place.
 G = Mean time per level.
                   A        B        C        D        E       F      G
               +--------+--------+--------+--------+--------+-----+--------+
         Total |   2525 |   2432 |     93 |      0 |   2065 |   4 |  631.2 |
       Dungeon |   2525 |   2432 |     93 |      0 |   2065 |   4 |  631.2 |
               +--------+--------+--------+--------+--------+-----+--------+

Top non-repeatable levels by time:
     D:3: 1060 daAuts
     D:2: 743 daAuts
     D:1: 718 daAuts
     D:4: 4 daAuts
